 Dungeon Crawl Stone Soup version 0.30.1-3-gfc49f6343a (webtiles) character file.

Game seed: 17755574704759409748

1787911 monsoonserge the Evocator (level 27, 242/242 HPs)
             Began as a Gnoll Ice Elementalist on July 21, 2023.
             Was the Champion of Vehumet.
             Escaped with the Orb
             ... and 4 runes on Aug 3, 2023!
             The game lasted 16:08:28 (126566 turns).

monsoonserge the Evocator (GnIE)                  Turns: 126566, Time: 16:08:29

Health: 242/242    AC: 35    Str: 21    XL:     27
Magic:  33/48      EV: 24    Int: 31    God:    Vehumet [******]
Gold:   9468       SH: 24    Dex: 15    Spells: 7/69 levels left

rFire   + . .        a - +11 war axe "Ciahexoth" {drain, rF+ rC++}
rCold   + + +        p - +2 tower shield {reflect}
rNeg    + . .        V - +5 pearl dragon scales of the Illusory Ghosts {rN+ Str+3}
rPois   +            h - +0 mask of the Dragon {Will+ Slay+3 SInv}
rElec   +            A - +4 dragonskin cloak
rCorr   +            I - +1 pair of gloves of the Equator {Fly Str+3}
SInv    +            H - +0 pair of boots {rampage}
Will    ++++.        T - amulet of regeneration
Stlth   ++           b - ring of the Saviour {+Blink rPois EV+5 Str+5 Int+2}
HPRegen 1.40/turn    P - ring of Gluttony {rElec rCorr Int+3 Dex+2}
MPRegen 0.31/turn

%: reflection, rampage
@: flying, very slightly contaminated, hasted (expiring), studying 3 skills,
very quick
A: fangs 1, strong nose, distributed training, hooves 1, cold resistance 1,
strong-willed 1, MP-powered wands
0: Orb of Zot
}: 4/15 runes: decaying, serpentine, slimy, silver
a: Renounce Religion, Evoke Blink


You escaped.
You worshipped Vehumet.
Vehumet was exalted by your worship.
You visited 14 branches of the dungeon, and saw 58 of its levels.
You visited 1 ziggurat, and saw 12 of its levels.
You also visited: Sewer, Volcano and Wizlab.

You collected 12177 gold pieces.
You spent 2709 gold pieces at shops.

Inventory:

Hand Weapons
 a - the +11 war axe "Ciahexoth" (weapon) {drain, rF+ rC++}
   (You took it off a deep elf sorcerer on level 3 of the Elven Halls)

   rF:        It protects you from fire.
   rC:        It greatly protects you from cold.
Missiles
 J - 19 curare-tipped darts (quivered)
 O - 12 silver javelins
 Q - 14 atropa-tipped darts
 W - 11 throwing nets
 Y - 8 datura-tipped darts
Armour
 h - the +0 mask of the Dragon (worn) {Will+ Slay+3 SInv}
   (You acquired it on level 4 of the Snake Pit)

   Slay:      It affects your accuracy & damage with ranged weapons and melee
   (+3).
   SInv:      It lets you see invisible.
   Will:      It increases your willpower.
 p - a +2 tower shield of reflection (worn)
 s - the +1 cloak "Bucea" {rC+ rN+ Str+5 Int-2}
   (You found it on level 11 of a ziggurat)

   Str:       It affects your strength (+5).
   Int:       It affects your intelligence (-2).
   rC:        It protects you from cold.
   rN:        It protects you from negative energy.
 A - the +4 dragonskin cloak (worn)
   (You took it off Tiamat on level 3 of the Realm of Zot)

   Avatar's Aegis: It grants the wearer a chance to resist fire, cold, poison,
   electricity, acid, and negative energy.
 H - a +0 pair of boots of rampaging (worn)
 I - the +1 pair of gloves of the Equator (worn) {Fly Str+3}
   (You found it on level 5 of the Pits of Slime)

   Str:       It affects your strength (+3).
   Fly:       It grants you flight.
 V - the +5 pearl dragon scales of the Illusory Ghosts (worn) {rN+ Str+3}
   (You acquired it on level 4 of the Realm of Zot)

   Str:       It affects your strength (+3).
   rN:        It protects you from negative energy.
Jewellery
 b - the ring of the Saviour (left hand) {+Blink rPois EV+5 Str+5 Int+2}
   (You took it off a deep elf sorcerer on level 3 of the Elven Halls)

   [ring of evasion]

   EV:        It affects your evasion (+5).
   Str:       It affects your strength (+5).
   Int:       It affects your intelligence (+2).
   rPois:     It protects you from poison.
   +Blink:    It lets you blink.
 w - the ring of Koamnut {rC- rN+++ Will+ Int+5 Dex-2}
   (You acquired it on level 3 of the Elven Halls)

   [ring of willpower]

   Int:       It affects your intelligence (+5).
   Dex:       It affects your dexterity (-2).
   rC:        It makes you vulnerable to cold.
   rN:        It renders you almost immune to negative energy.
   Will:      It increases your willpower.
 D - the ring of Xinlam {rPois Dex+6 Slay+5 Stlth-}
   (You bought it in a shop on level 2 of the Orcish Mines)

   [ring of dexterity]

   Dex:       It affects your dexterity (+6).
   Slay:      It affects your accuracy & damage with ranged weapons and melee
   (+5).
   rPois:     It protects you from poison.
   Stlth:     It makes you less stealthy.
 G - the ring of the Leaf {rC+ rN+ Will+ Slay+3}
   (You found it on level 5 of the Pits of Slime)

   [ring of willpower]

   Slay:      It affects your accuracy & damage with ranged weapons and melee
   (+3).
   rC:        It protects you from cold.
   rN:        It protects you from negative energy.
   Will:      It increases your willpower.
 P - the ring of Gluttony (right hand) {rElec rCorr Int+3 Dex+2}
   (You bought it in a shop on level 9 of the Dungeon)

   [ring of resist corrosion]

   Int:       It affects your intelligence (+3).
   Dex:       It affects your dexterity (+2).
   rElec:     It insulates you from electricity.
   rCorr:     It protects you from acid and corrosion.
 T - an amulet of regeneration (around neck)
 Z - a +6 ring of strength
Wands
 n - a wand of charming (88)
 o - a wand of quicksilver (38)
 B - a wand of iceblast (99)
 L - a wand of polymorph (28)
 U - a wand of mindburst (49)
Scrolls
 c - 7 scrolls of immolation
 d - 3 scrolls of silence
 q - 6 scrolls of torment
 u - 16 scrolls of fog
 v - 7 scrolls of blinking
 x - 11 scrolls of teleportation
 y - 14 scrolls of fear
 z - 10 scrolls of poison
 N - 4 scrolls of enchant weapon
 X - 3 scrolls of butterflies
Potions
 e - 15 potions of mutation
 f - 31 potions of curing
 j - 7 potions of cancellation
 l - 5 potions of magic
 m - 12 potions of lignification
 r - 7 potions of haste
 t - 4 potions of invisibility
 C - 9 potions of brilliance
 E - 9 potions of heal wounds
 M - 5 potions of might
 R - 7 potions of resistance
 S - 5 potions of berserk rage
Miscellaneous
 g - the horn of Geryon
 i - a lightning rod (4/4)
 k - a tin of tremorstones (2/2)
 F - a box of beasts
 K - a phantom mirror


   Skills:
 + Level 25.3 Fighting
 + Level 21.1 Short Blades
 + Level 21.1 Long Blades
 + Level 21.9 Axes
 + Level 21.1 Maces & Flails
 + Level 21.1 Polearms
 + Level 21.1 Staves
 + Level 21.1 Ranged Weapons
 + Level 21.1 Throwing
 + Level 21.1 Armour
 + Level 21.5 Dodging
 + Level 21.4 Stealth
 + Level 21.1 Shields
 + Level 21.1 Unarmed Combat
 + Level 21.6 Spellcasting
 + Level 18.1 Conjurations
 + Level 18.1 Hexes
 + Level 18.1 Summonings
 + Level 18.1 Necromancy
 + Level 18.1 Translocations
 + Level 18.1 Transmutations
 + Level 18.1 Fire Magic
 + Level 19.2 Ice Magic
 + Level 18.1 Air Magic
 + Level 18.1 Earth Magic
 + Level 18.1 Poison Magic
 + Level 22.8 Invocations
 + Level 26.3 Evocations


You had 7 spell levels left.
You knew the following spells:

 Your Spells              Type           Power      Damage    Failure   Level
b - Spellforged Servitor  Conj/Summ      49%        N/A       1%          7
c - Starburst             Conj/Fire      49%        6d13      1%          6
d - Lehudib's Crystal Sp  Conj/Erth      49%        10d12     3%          8
e - Orb of Destruction    Conj           49%        9d13      1%          7
f - Mephitic Cloud        Conj/Pois/Air  98%        N/A       0%          3
g - Summon Ice Beast      Ice/Summ       99%        N/A       0%          4
h - Freezing Cloud        Conj/Ice/Air   49%        6-21      1%          5
i - Cause Fear            Hex            49%        N/A       1%          4
j - Yara's Violent Unrav  Hex/Tmut       49%        3d19      1%          5
k - Plasma Beam           Fire/Air       49%        2x1d69    1%          6
l - Irradiate             Conj/Tmut      49%        3d28      1%          5
m - Blink                 Tloc           100%       N/A       0%          2

Your spell library contained the following spells:

 Spells                   Type           Power      Damage    Failure   Level
 Fire Storm               Conj/Fire      49%        8d12      41%         9
 Shatter                  Erth           49%        3d37*     41%         9
 Beastly Appendage        Tmut           100%       N/A       0%          1
 Foxfire                  Conj/Fire      100%       2x1d9     0%          1
 Freeze                   Ice            100%       1d10      0%          1
 Kiss of Death            Conj/Necr      100%       2d13      0%          1
 Magic Dart               Conj           100%       1d8       0%          1
 Necrotise                Necr           100%       1d9       0%          1
 Shock                    Conj/Air       100%       1d9       0%          1
 Sting                    Tmut/Pois      100%       1d8       0%          1
 Call Imp                 Summ           100%       N/A       0%          2
 Cigotuvi's Dreadful Rot  Necr/Pois/Air  100%       N/A       0%          2
 Ensorcelled Hibernation  Hex/Ice        100%       N/A       0%          2
 Lesser Beckoning         Tloc           100%       N/A       0%          2
 Momentum Strike          Conj/Tloc      100%       3d10      0%          2
 Passwall                 Tmut/Erth      81%        N/A       0%          2
 Poisonous Vapours        Pois/Air       100%       N/A       0%          2
 Scorch                   Fire           100%       2d9       0%          2
 Searing Ray              Conj           100%       2d8       0%          2
 Static Discharge         Conj/Air       100%       2-7/arc   0%          2
 Wereblood                Tmut           98%        N/A       0%          2
 Call Canine Familiar     Summ           98%        N/A       0%          3
 Confusing Touch          Hex            98%        N/A       0%          3
 Dazzling Flash           Conj/Hex       100%       N/A       0%          3
 Frozen Ramparts          Ice            100%       1d16      0%          3
 Hailstorm                Conj/Ice       99%        3d19      0%          3
 Ignite Poison            Fire/Tmut/Pois 98%        N/A       0%          3
 Inner Flame              Hex/Fire       98%        N/A       0%          3
 Ozocubu's Armour         Ice            100%       N/A       0%          3
 Portal Projectile        Hex/Tloc       100%       N/A       0%          3
 Spider Form              Tmut/Pois      98%        N/A       0%          3
 Stone Arrow              Conj/Erth      100%       3d13      0%          3
 Summon Guardian Golem    Hex/Summ       98%        N/A       0%          3
 Swiftness                Air            98%        N/A       0%          3
 Tukima's Dance           Hex            98%        N/A       0%          3
 Vampiric Draining        Necr           98%        2d13      0%          3
 Vhi's Electric Charge    Tloc/Air       100%       N/A       0%          3
 Volatile Blastmotes      Fire/Tloc      100%       2d18      0%          3
 Airstrike                Air            49%        2d(7-23)  0%          4
 Flame Wave               Conj/Fire      98%        2d20      0%          4
 Olgreb's Toxic Radiance  Pois           98%        N/A       0%          4
 Sticky Flame             Conj/Fire      98%        2d11      0%          4
 Anguish                  Hex/Necr       49%        N/A       1%          4
 Animate Armour           Summ/Erth      100%       N/A       1%          4
 Animate Dead             Necr           98%        N/A       1%          4
 Dispel Undead            Necr           98%        3d31      1%          4
 Leda's Liquefaction      Hex/Erth       49%        N/A       1%          4
 Manifold Assault         Tloc           98%        N/A       1%          4
 Passage of Golubria      Tloc           98%        N/A       1%          4
 Summon Lightning Spire   Summ/Air       98%        N/A       1%          4
 Agony                    Necr           98%        N/A       1%          5
 Alistair's Intoxication  Tmut/Pois      65%        N/A       1%          5
 Arcjolt                  Conj/Air       49%        1d59      1%          5
 Blade Hands              Tmut           49%        N/A       1%          5
 Borgnjor's Vile Clutch   Necr/Erth      49%        N/A       1%          5
 Fireball                 Conj/Fire      49%        3d19      1%          5
 Iskenderun's Battlesphe  Conj           98%        2d14      1%          5
 Lee's Rapid Deconstruct  Erth           49%        3d23*     1%          5
 Silence                  Hex/Air        49%        N/A       1%          5
 Summon Forest            Summ/Tloc      49%        N/A       1%          5
 Summon Mana Viper        Hex/Summ       98%        N/A       1%          5
 Conjure Ball Lightning   Conj/Air       49%        3x3d17    1%          6
 Death Channel            Necr           49%        N/A       1%          6
 Iron Shot                Conj/Erth      49%        9d9       1%          6
 Statue Form              Tmut/Erth      65%        N/A       1%          6
 Summon Cactus Giant      Summ           49%        N/A       1%          6
 Dragon Form              Tmut           49%        N/A       1%          7
 Enfeeble                 Hex            49%        N/A       1%          7
 Haunt                    Necr/Summ      49%        N/A       1%          7
 Malign Gateway           Summ/Tloc      49%        N/A       1%          7
 Storm Form               Tmut/Air       49%        N/A       1%          7
 Summon Hydra             Summ           49%        N/A       1%          7
 Ignition                 Fire           49%        3d14      3%          8
 Maxwell's Capacitive Co  Air            49%        ∞         3%          8
 Borgnjor's Revivificati  Necr           49%        N/A       12%         8
 Discord                  Hex            49%        N/A       12%         8
 Disjunction              Tloc           49%        N/A       12%         8
 Infestation              Necr           49%        N/A       12%         8
 Summon Horrible Things   Summ           49%        N/A       12%         8
 Dragon's Call            Summ           49%        N/A       88%         9


Dungeon Overview and Level Annotations

Branches:
Dungeon (15/15)            Temple (1/1) D:7            Lair (5/5) D:11
  Swamp (4/4) Lair:3        Snake (4/4) Lair:2        Slime (5/5) Lair:4
    Orc (2/2) D:11            Elf (3/3) Orc:2        Vaults (5/5) D:13
  Crypt (3/3) Vaults:2       Tomb (1/3) Crypt:3      Depths (4/4) D:15
   Hell (visited)             Dis (0/7) Hell            Geh (0/7) Hell
    Coc (0/7) Hell            Tar (0/7) Hell            Zot (5/5) Depths:4
  Sewer (visited)         Volcano (visited)          WizLab (visited)

Altars:
Ashenzari
Cheibriados
Dithmenos
Elyvilon
Fedhas
Gozag
Hepliaklqana
Kikubaaqudgha
Makhleb
Nemelex Xobeh
Okawaru
Qazlal
Ru
Sif Muna
Trog
Uskayaw
Vehumet
Wu Jian
Xom
Yredelemnul
Zin
The Shining One
Jiyva

Shops:
D:9 =   Orc:1 *   Orc:2 !*[(=   Elf:3 !   Snake:2 *   Snake:3 *   Vaults:1 :
Vaults:2 [   Vaults:3 :   Vaults:5 (

Portals:
Hell: Depths:1 Depths:2 Depths:3 Depths:4
Abyss: Depths:1 Depths:2 Depths:3 Depths:4
Pandemonium: Depths:1 Depths:2 Depths:3

Annotations:
Zot:5 exclusion: obsidian statue


Innate Abilities, Weirdness & Mutations

You have very sharp teeth.
Your uncanny sense of smell can sniff out nearby items.
Your experience applies equally to all skills.
You have large cloven feet.
Your flesh is cold resistant. (rC+)
You are strong-willed. (Will+)
You expend magic power (3 MP) to strengthen your wands.


Message History

Confirm with . or Enter, or press ? or * to list all spells.
You erupt in a fountain of uncontrolled magic!
The sun demon is blasted with magical radiation!!!
The sun demon is almost dead.
The sun demon twists and deforms.
The sun demon is blasted with magical radiation!!!
You kill the sun demon!
Vehumet accepts your kill.
You feel your power returning.
The balrug is engulfed in freezing vapours.
The balrug gestures at you. The sticky flame hits you. You resist.
You are covered in liquid flames!
The sun demon misses you.
You slice the sun demon like a ripe choko!!!
You kill the sun demon!
Vehumet accepts your kill.
You feel your power returning.
You are covered in liquid flames!
Unknown command.
Casting: Irradiate (safe; 1% risk of failure)
Confirm with . or Enter, or press ? or * to list all spells.
Casting: Plasma Beam (mildly dangerous; 1% risk of failure)
Press: ? - help, Dir - look around, f - activate The bolt of lightning hits the balrug!
The balrug is almost dead.
The fiery plasma misses the balrug.
You hear a sizzling sound!
You are covered in liquid flames!
The balrug gestures at you. The sticky flame misses you.
Your spellforged servitor casts a spell at the balrug.
The crystal spear hits the balrug!!!!
The balrug dies!
Vehumet accepts your kill.
You are covered in liquid flames!
HP restored.
Your extra speed is starting to run out.
There is a staircase leading out of the dungeon here.
You have escaped!

..#######...#.......# #......#
#.............#.###.# #.###.##
#.#######.......##..# #.# ### #.#
##.######...###.# #.#
#..............# #.#
###.........##.# #.#
#.........##.# #.# #...8.8...##.#
## #.# ####.@.#####.# ##.
#.#####################.#######.#
#.......................#......##
...########.#######.#####.#####.#
.#.########...............# ##.
............#######.####### #.
##.########[# ##.## #. #.# #.#
##.#.## #. #.# #.# ##.###.## #.


There were no monsters in sight!

Vanquished Creatures
  the Royal Jelly (Slime:5)
  10 dread liches
  2 ancient liches
  3 orbs of fire
  Mara (Vaults:5)
  2 juggernauts
  2 royal mummies
  Boris (twice) (Crypt:3 Zot:5)
  Margery (Crypt:3)
  Frederick (Vaults:2)
  2 Killer Klowns (Zot:5)
  Bai Suzhen (Snake:3)
  Saint Roka (Vaults:5)
  2 curse toes
  Geryon (Hell)
  Nikola (Elf:1)
  4 golden dragons
  2 caustic shrikes
  A profane servitor (Crypt:3)
  The ghost of Droegar the Slayer, an adept MiBe of Trog (Vaults:1)
  A bone dragon (Zig:6)
  3 doom hounds
  5 Tzitzimimeh
  3 electric golems
  Jorgrun (D:15)
  3 Ice Fiends (Zig:11)
  A walking earthen tome (Depths:2)
  Zenata (Vaults:3)
  2 walking crystal tomes
  9 tentacled monstrosities
  3 quicksilver dragons
  2 hellephants
  Grunn (Crypt:2)
  4 titans
  3 liches
  6 deep elf blademasters
  25 acid blobs
  25 Orb Guardians
  7 deep elf master archers
  7 death cobs
  14 sphinxes
  10 ancient champions
  Donald (Swamp:4)
  4 thorn hunters
  18 storm dragons
  Kirke (D:12)
  12 shadow dragons
  15 nagarajas
  16 azure jellies
  7 tengu reavers
  14 rockslimes
  7 draconian monks
  A revenant (Vaults:2)
  5 fenstrider witches
  10 fire giants
  8 deep elf sorcerers
  3 balrugs
  3 draconian knights
  9 frost giants
  Aizul (Vaults:3)
  A caustic shrike zombie (Crypt:3)
  8 draconian scorchers
  3 ghost moths
  22 vault wardens
  2 narguns (Zig:11)
  2 curse skulls (Crypt:1)
  Louise (Snake:3)
  2 deep elf elementalists
  3 orc warlords
  9 draconian annihilators
  2 cacodemons (Hell)
  6 draconian shifters
  10 ghouls
  16 ironbound preservers
  19 stone giants
  A draconian stormcaller (Zot:3)
  30 very ugly things
  4 reapers
  14 quicksilver oozes
  6 ironbound thunderhulks
  4 spriggan defenders
  2 war gargoyles
  7 black draconians
  12 green draconians
  A juggernaut skeleton (Crypt:2)
  4 bennus (Tomb:1)
  2 deep elf demonologists (Elf:3)
  12 vampire knights
  7 yellow draconians
  4 eleionomae
  2 putrid mouths
  5 spark wasps
  11 red draconians
  7 purple draconians
  3 lorocyprocas
  8 deep elf annihilators
  4 bunyips
  A dire elephant (Zig:8)
  6 white draconians
  2 wendigos (Zig:11)
  13 deep elf death magi
  7 mummy priests
  A green death (Hell)
  7 fire dragons
  A blizzard demon (Zig:11)
  2 crystal guardians
  A spectral quicksilver dragon (Vaults:1)
  3 eidola
  The ghost of HotCheetoh the Severer, a journeyman MiFi of Trog (Snake:1)
  A quicksilver dragon zombie (Hell)
  2 shambling mangroves (WizLab)
  17 great orbs of eyes
  10 yaktaur captains
  11 ettins
  10 jiangshi
  7 entropy weavers
  5 deep elf high priests
  A fenstrider witch zombie (Tomb:1)
  20 hydras
  4 rakshasas (Depths:2)
  2 peacekeepers
  A spriggan skeleton (Crypt:3)
  3 salamander tyrants
  A hell beast (Zot:2)
  Erolcha (D:9)
  3 ghost crabs
  A bennu zombie (Crypt:3)
  4 ogre magi
  5 spriggan air magi
  3 satyrs (WizLab)
  37 vault guards
  7 anacondas
  13 alligators
  4 death knights
  3 ice dragons
  19 two-headed ogres
  Erica (D:8)
  26 dancing weapons
  A spectral stone giant (Vaults:1)
  4 boulder beetles
  6 ironbound frosthearts
  A merfolk avatar (Lair:5)
  A spectral frost giant (Vaults:1)
  15 centaur warriors
  14 naga warriors
  7 deep troll shamans
  8 tengu warriors
  9 deep troll earth magi
  8 vampire magi
  5 death scarabs (Tomb:1)
  The ghost of HotCheetoh the Cleaver, a novice HOFi of Trog (D:9)
  3 orc high priests
  5 hell hogs (Depths:4)
  A titan zombie (Hell)
  9 naga sharpshooters
  7 spriggan berserkers
  Sonja (Lair:4)
  Urug (Orc:1)
  14 hell knights
  17 death yaks
  A storm dragon zombie (Crypt:3)
  8 shock serpents
  19 deep elf knights
  Amaemon (Lair:1)
  13 sun demons
  2 sixfirhies (Hell)
  A spatial maelstrom (Zig:7)
  2 golden dragon zombies
  A shadow wraith (Crypt:3)
  8 soul eaters
  2 skysharks (Lair:3)
  A wretched star (Zig:7)
  7 iron trolls
  28 skeletal warriors
  A goliath frog (Swamp:2)
  7 flayed ghosts
  4 salamander mystics
  4 spriggan druids
  An anaconda zombie (Hell)
  32 deep trolls
  A sea snake (shapeshifter) (Depths:3)
  2 sea snakes (Snake:4)
  3 glowing orange brains
  Pikel (D:9)
  19 bog bodies
  14 swamp dragons
  9 naga ritualists
  An orange crystal statue (Zig:10)
  14 deep elf archers
  10 lindwurms
  11 wizards
  A sphinx zombie (Hell)
  A shadow dragon zombie (Crypt:3)
  5 harpies (Vaults:3)
  11 phantasmal warriors
  9 necromancers
  17 ironbound convokers
  32 deep elf pyromancers
  4 orc knights
  A golden dragon skeleton (Crypt:3)
  49 ugly things
  A spectral ettin (Vaults:1)
  4 fauns (WizLab)
  28 deep elf zephyrmancers
  An oklob plant (WizLab)
  9 spectral spriggans (Swamp:3)
  12 mana vipers
  4 cyclopes
  2 fire giant zombies (Hell)
  An orc sorcerer (Vaults:5)
  5 shining eyes
  26 moths of wrath
  4 manticores
  A moth of wrath (shapeshifter) (Depths:2)
  12 elephants
  An eleionoma zombie (Crypt:1)
  3 rust devils
  29 black mambas
  26 vault sentinels
  A frost giant skeleton (Crypt:2)
  9 guardian serpents
  A toenail golem (Volcano)
  An elephant slug zombie (Crypt:3)
  A demonic crawler (Hell)
  2 eyes of devastation
  12 salamanders
  A dire elephant zombie (Crypt:3)
  A titan simulacrum (Crypt:3)
  Maurice (D:9)
  4 molten gargoyles (Volcano)
  13 smoke demons
  2 ice statues
  12 naga magi
  6 orange demons
  9 cane toads
  3 rime drakes
  Psyche (D:8)
  2 grey draconian zombies
  An unseen horror (D:12)
  2 hellions
  A naga skeleton (Hell)
  3 torpor snails
  A komodo dragon (shapeshifter) (Depths:3)
  9 freezing wraiths
  11 ice devils
  An orb spider zombie (Crypt:2)
  4 efreet
  2 kobold demonologists (D:8)
  An anaconda simulacrum (Hell)
  12 komodo dragons
  36 yaktaurs
  An iron troll zombie (Crypt:3)
  2 tormentors (Crypt:2)
  A sea snake skeleton (Crypt:1)
  7 guardian mummies
  5 tengu conjurers
  3 hellwings
  A harpy zombie (Hell)
  6 polar bears
  26 hornets
  6 trolls
  2 bloated husks (Swamp:3)
  A wind drake (shapeshifter) (Depths:3)
  A red devil (Depths:3)
  2 meliai
  A purple draconian skeleton (Crypt:2)
  2 wind drakes
  A harpy skeleton (Hell)
  A hydra skeleton (Hell)
  Prince Ribbit (D:8)
  9 tyrant leeches
  An ettin zombie (Hell)
  10 blink frogs
  3 spectral humans (Vaults:1)
  2 dream sheep (Lair:4)
  An alligator skeleton (Hell)
  134 slime creatures
  A guardian serpent skeleton (Crypt:3)
  A snapping turtle (Lair:5)
  A culicivora (Vaults:3)
  16 spriggans
  2 air elementals
  9 flying skulls
  A centaur simulacrum (Hell)
  A basilisk (Lair:5)
  6 ushabtiu
  9 wraiths
  20 yaks
  8 water elementals
  7 fire elementals
  2 wyverns
  A black mamba skeleton (Crypt:2)
  3 fire bats (Lair:5)
  4 starcursed masses (Zig:7)
  2 golden eyes (Slime:4)
  A chaos spawn (D:1)
  5 neqoxecs
  Eustachio (D:6)
  3 hogs (D:12)
  An elf simulacrum (Vaults:1)
  4 steam dragons
  A two-headed ogre zombie (Crypt:1)
  9 redbacks
  18 swamp worms
  10 vampire mosquitoes
  Menkaure (D:4)
  11 wargs
  31 nagas
  6 acid dragons
  A glowing shapeshifter zombie (Hell)
  A hydra simulacrum (Hell)
  6 water moccasins
  3 hell hounds
  3 floating eyes
  30 orc warriors
  12 swamp drakes
  2 black bears
  A sky beast (D:7)
  A black mamba simulacrum (Hell)
  7 boggarts
  10 wolves
  29 ogres
  3 centaurs
  A lemure (D:9)
  A blink frog skeleton (Crypt:3)
  5 kobold brigands
  A gnoll sergeant (D:8)
  8 bullfrogs
  A glowing shapeshifter simulacrum (Vaults:1)
  5 scorpions
  A naga simulacrum (Hell)
  3 earth elementals
  A scorpion (shapeshifter) (Vaults:5)
  A necrophage (Crypt:1)
  5 wights (D:7)
  2 spriggan zombies
  A queen bee zombie (Crypt:2)
  3 killer bees (D:10)
  3 howler monkeys
  6 electric eels
  3 lava snakes
  2 crimson imps (D:15)
  3 quasits (D:9)
  3 human simulacra (Vaults:1)
  11 orc priests
  4 hounds
  9 jellies
  Natasha (thrice) (D:2)
  3 iguanas
  A sleepcap (D:7)
  23 orc wizards
  A sickly merfolk siren (Sewer)
  10 hell rats
  A malarious merfolk avatar (Sewer)
  A boggart skeleton (Crypt:1)
  A sky beast zombie (Crypt:2)
  An acid dragon zombie (Crypt:3)
  An ogre zombie (Crypt:1)
  A deep dwarf skeleton (Crypt:1)
  A hound zombie (Crypt:2)
  32 mummies
  A howler monkey zombie (Crypt:2)
  5 gnolls
  7 adders
  4 river rats
  A white imp (D:6)
  2 ufetubi (D:5)
  3 worms
  70 orcs
  10 bats
  13 endoplasms
  8 giant cockroaches
  5 goblins
  6 hobgoblins
  6 jackals (D:2)
  17 kobolds
  7 quokkas
  A ball python (shapeshifter) (Depths:1)
  8 ball pythons
  A ball python zombie (Crypt:2)
  9 frilled lizards
  A giant cockroach zombie (Crypt:1)
  A jackal zombie (Crypt:1)
  An orc skeleton (Crypt:2)
  29 rats
  A rat skeleton (Crypt:2)
  A river rat skeleton (Crypt:3)
  A tentacle (Hell)
2583 creatures vanquished.

Vanquished Creatures (collateral kills)
  A dread lich (Zot:5)
  Tiamat (Zot:3)
  An ancient lich (Zot:5)
  Khufu (Crypt:3)
  An orb of fire (Zot:5)
  Boris (D:12)
  A royal mummy (Crypt:3)
  2 curse toes
  2 golden dragons
  A Brimstone Fiend (D:11)
  A hellephant (Zig:8)
  2 tentacled monstrosities
  3 Orb Guardians (Zot:5)
  A lich (D:12)
  A deep elf blademaster (Elf:3)
  2 ancient champions (Crypt:3)
  3 death cobs (Zot:5)
  A shadow dragon (Zot:2)
  A storm dragon (Zot:5)
  2 nagarajas
  3 sphinxes (Tomb:1)
  A fenstrider witch (Swamp:4)
  A draconian monk (Zot:3)
  A revenant (Crypt:3)
  A nargun (Zig:11)
  A draconian knight (Zot:3)
  A balrug (D:1)
  A juggernaut zombie (Hell)
  A cacodemon (Zig:7)
  2 reapers (Hell)
  An orc warlord (Zig:5)
  A demonspawn corrupter (Zig:7)
  An eleionoma (Swamp:1)
  A deep elf demonologist (Elf:3)
  Nessos (Orc:2)
  A deep elf annihilator (Elf:1)
  A dire elephant (Zig:8)
  A green draconian (Zig:1)
  A yellow draconian (Zot:5)
  2 wendigos (Zig:11)
  2 purple draconians
  3 red draconians
  A white draconian (Zot:5)
  A mummy priest (Tomb:1)
  An eidolon (Zig:6)
  2 ettins
  A quicksilver dragon zombie (Hell)
  2 fire dragons
  A salamander tyrant (Zig:10)
  A kraken zombie (Hell)
  A catoblepas (D:15)
  2 ogre magi
  5 hydras
  10 dancing weapons
  6 two-headed ogres
  2 boulder beetles
  A tengu warrior (D:15)
  3 death yaks
  A hell hog (Zig:4)
  A shock serpent (Zig:10)
  An orc high priest (Orc:1)
  A sun demon (D:1)
  A soul eater (Depths:4)
  2 deep elf knights (Elf:2)
  A hell knight (Hell)
  3 skeletal warriors (Crypt:3)
  A wretched star (Zig:7)
  A golden dragon zombie (Hell)
  A sixfirhy (Hell)
  A shadow demon (D:12)
  A cherub (D:11)
  An obsidian statue (Zig:10)
  An orc knight (Orc:1)
  3 deep elf zephyrmancers
  A deep elf archer (Elf:2)
  3 mana vipers
  A deep elf pyromancer (Elf:1)
  A frost giant zombie (Hell)
  An orc sorcerer (Orc:1)
  2 moths of wrath (Zig:5)
  4 ugly things
  A cyclops (D:11)
  4 elephants (Lair:5)
  3 naga magi
  2 ice statues
  A smoke demon (Hell)
  A gargoyle (D:11)
  A black mamba (Snake:4)
  2 cane toads
  A rime drake (shapeshifter) (Depths:2)
  A sea snake zombie (Hell)
  A tormentor (Zig:11)
  3 komodo dragons
  A tengu conjurer (D:14)
  An ancient zyme (Zig:7)
  A guardian mummy (Crypt:3)
  A meliai (D:12)
  4 trolls
  A hornet (Swamp:1)
  A polar bear (Lair:5)
  A hydra skeleton (Hell)
  3 blink frogs (Lair:5)
  An alligator zombie (Hell)
  2 flying skulls (Tomb:1)
  A yak (D:11)
  3 spriggans
  A wyvern (Lair:5)
  3 wraiths
  2 fire elementals
  4 vampire mosquitoes
  A swamp worm (Swamp:3)
  2 acid dragons (D:12)
  A water moccasin (Lair:4)
  2 swamp drakes
  3 orc warriors
  5 ogres
  2 wolves (Lair:4)
  A nameless horror (Lair:2)
  3 electric eels (Lair:2)
  2 crimson imps (D:15)
  A lava snake (Lair:1)
  3 orc priests
  4 orc wizards
  4 mummies
  13 orcs
231 creatures vanquished.

Vanquished Creatures (others)
  A rockslime (Slime:4)
  A draconian annihilator (Zot:2)
  An orc knight (Zig:12)
  A warg (Zig:12)
  A swamp worm (Swamp:1)
  2 orc warriors (Zig:12)
  An ogre (Zig:12)
  A wolf (Lair:5)
  2 hell rats (Hell)
  A fire vortex (Volcano)
  3 tentacles (Hell)
15 creatures vanquished.

Grand Total: 2829 creatures vanquished

Notes
Turn   | Place    | Note
-------+----------+-------------------------------------------
     0 | D:1      | monsoonserge the Gnoll Ice Elementalist began the quest for
                  | the Orb.
     0 | D:1      | Reached XP level 1. HP: 13/13 MP: 6/6
    74 | D:1      | Reached XP level 2. HP: 19/19 MP: 3/7
   291 | D:1      | Learned a level 2 spell: Ensorcelled Hibernation
   306 | D:1      | Reached skill level 5 in Spellcasting
   306 | D:1      | Reached XP level 3. HP: 25/25 MP: 7/9
   310 | D:1      | Learned a level 3 spell: Frozen Ramparts
   314 | D:1      | Learned a level 3 spell: Ozocubu's Armour
   814 | D:2      | Reached skill level 1 in Invocations
   960 | D:2      | Reached skill level 1 in Fighting
   960 | D:2      | Reached skill level 1 in Short Blades
   960 | D:2      | Reached skill level 1 in Long Blades
   960 | D:2      | Reached skill level 1 in Axes
   960 | D:2      | Reached skill level 1 in Maces & Flails
   960 | D:2      | Reached skill level 1 in Polearms
   960 | D:2      | Reached skill level 1 in Staves
   960 | D:2      | Reached skill level 1 in Ranged Weapons
   960 | D:2      | Reached skill level 1 in Throwing
   960 | D:2      | Reached skill level 1 in Armour
   960 | D:2      | Reached skill level 1 in Shields
   960 | D:2      | Reached skill level 1 in Unarmed Combat
   960 | D:2      | Reached skill level 1 in Evocations
  1034 | D:2      | Reached XP level 4. HP: 32/32 MP: 9/11
  1227 | D:2      | Noticed Natasha
  1234 | D:2      | Killed Natasha
  1235 | D:2      | Reached skill level 1 in Conjurations
  1235 | D:2      | Reached skill level 1 in Hexes
  1235 | D:2      | Reached skill level 1 in Summonings
  1235 | D:2      | Reached skill level 1 in Necromancy
  1235 | D:2      | Reached skill level 1 in Translocations
  1235 | D:2      | Reached skill level 1 in Transmutations
  1235 | D:2      | Reached skill level 1 in Fire Magic
  1235 | D:2      | Reached skill level 1 in Air Magic
  1235 | D:2      | Reached skill level 1 in Earth Magic
  1235 | D:2      | Reached skill level 1 in Poison Magic
  1356 | D:2      | Noticed Natasha
  1361 | D:2      | Killed Natasha
  1362 | D:2      | Reached XP level 5. HP: 37/37 MP: 5/12
  1613 | D:3      | Found an ornate altar of the Wu Jian Council.
  2284 | D:4      | Noticed Menkaure
  2292 | D:4      | Killed Menkaure
  2293 | D:4      | Reached skill level 5 in Dodging
  2293 | D:4      | Reached skill level 2 in Evocations
  2293 | D:4      | Reached XP level 6. HP: 14/44 MP: 10/14
  3218 | D:5      | Entered Level 5 of the Dungeon
  3230 | D:5      | Reached XP level 7. HP: 51/51 MP: 9/15
  3321 | D:5      | Found a white marble altar of Elyvilon.
  3335 | D:5      | Found a hazy altar of Hepliaklqana.
  3339 | D:5      | Found a bloodstained altar of Trog.
  3442 | D:5      | Reached skill level 5 in Stealth
  3806 | D:5      | Found a shimmering blue altar of Sif Muna.
  4350 | D:5      | Got Sif Muna's Compendium of the Burn
  4442 | D:6      | Reached skill level 3 in Evocations
  4442 | D:6      | Reached XP level 8. HP: 57/58 MP: 10/16
  4482 | D:6      | Learned a level 3 spell: Hailstorm
  4540 | D:6      | Found a glowing drain.
  4593 | Sewer    | Entered a sewer
  5526 | D:6      | Noticed Eustachio
  5548 | D:6      | Killed Eustachio
  5749 | D:6      | Identified the +3 ring mail "Ijowk" {rN+ Int+2 Dex+2}
  5959 | D:7      | Noticed a yak
  5960 | D:7      | Noticed a yak
  5974 | D:6      | Killed a yak
  5975 | D:6      | Reached XP level 9. HP: 60/65 MP: 8/18
  6160 | D:7      | Reached skill level 4 in Evocations
  6688 | D:7      | Reached skill level 5 in Invocations
  6787 | D:7      | Found a staircase to the Ecumenical Temple.
  6798 | Temple   | Entered the Ecumenical Temple
  6873 | Temple   | Became a worshipper of Vehumet
  7622 | D:8      | Noticed Psyche
  7695 | D:8      | Noticed Prince Ribbit
  7705 | D:8      | Killed Prince Ribbit
  7791 | D:8      | Noticed Erica
  8093 | D:9      | Found a transporter.
  8114 | D:8      | Reached skill level 5 in Fighting
  8114 | D:8      | Reached skill level 5 in Short Blades
  8114 | D:8      | Reached skill level 5 in Long Blades
  8114 | D:8      | Reached skill level 5 in Axes
  8114 | D:8      | Reached skill level 5 in Maces & Flails
  8114 | D:8      | Reached skill level 5 in Polearms
  8114 | D:8      | Reached skill level 5 in Staves
  8114 | D:8      | Reached skill level 5 in Ranged Weapons
  8114 | D:8      | Reached skill level 5 in Throwing
  8114 | D:8      | Reached skill level 5 in Armour
  8114 | D:8      | Reached skill level 5 in Shields
  8114 | D:8      | Reached skill level 5 in Unarmed Combat
  8114 | D:8      | Reached skill level 5 in Evocations
  8121 | D:8      | Learned a level 3 spell: Mephitic Cloud
  8123 | D:8      | Reached XP level 10. HP: 70/74 MP: 9/20
  8321 | D:8      | Killed Psyche
  8362 | D:8      | Noticed an ice statue
  8564 | D:8      | Killed Erica
  8675 | D:8      | Found a basalt altar of Yredelemnul.
  8679 | D:8      | Found a blossoming altar of Fedhas.
  8688 | D:8      | Found a hide-covered altar of Uskayaw.
  8757 | D:8      | Found a burning altar of Makhleb.
  8826 | D:8      | Noticed a kobold demonologist
  8831 | D:8      | Noticed a kobold demonologist
  8840 | D:8      | Killed a kobold demonologist
  8996 | D:8      | Noticed a sixfirhy
  9114 | D:8      | Killed a kobold demonologist
  9215 | D:8      | Learned a level 4 spell: Summon Ice Beast
  9366 | D:9      | Noticed a two-headed ogre
  9376 | D:9      | Killed a two-headed ogre
  9488 | D:9      | Reached * piety under Vehumet
  9488 | D:9      | Offered knowledge of Kiss of Death by Vehumet.
  9551 | D:9      | Noticed Pikel
  9553 | D:9      | Noticed Erolcha
  9560 | D:9      | Reached skill level 6 in Evocations
  9562 | D:9      | Killed Pikel
  9563 | D:9      | Reached skill level 5 in Conjurations
  9563 | D:9      | Reached skill level 5 in Hexes
  9563 | D:9      | Reached skill level 5 in Summonings
  9563 | D:9      | Reached skill level 5 in Necromancy
  9563 | D:9      | Reached skill level 5 in Translocations
  9563 | D:9      | Reached skill level 5 in Transmutations
  9563 | D:9      | Reached skill level 5 in Fire Magic
  9563 | D:9      | Reached skill level 5 in Air Magic
  9563 | D:9      | Reached skill level 5 in Earth Magic
  9563 | D:9      | Reached skill level 5 in Poison Magic
  9563 | D:9      | Reached XP level 11. HP: 81/81 MP: 7/23
  9583 | D:9      | Killed Erolcha
  9720 | D:9      | Noticed Maurice
  9724 | D:9      | Found Zium's Jewellery Boutique.
  9738 | D:9      | Killed Maurice
  9760 | D:9      | Bought the ring of Gluttony {rElec rCorr Int+3 Dex+2} for
                  | 623 gold pieces
  9768 | D:9      | Learned a level 3 spell: Stone Arrow
  9861 | D:9      | Noticed HotCheetoh's ghost (novice HOFi)
  9867 | D:9      | Found a transporter.
 10221 | D:10     | Entered Level 10 of the Dungeon
 10969 | D:10     | Noticed a two-headed ogre
 10983 | D:10     | Killed a two-headed ogre
 11059 | D:10     | Found a sacrificial altar of Ru.
 11400 | D:11     | Noticed a manticore
 11491 | D:11     | Killed a manticore
 11650 | D:11     | Noticed a cyclops
 11661 | D:11     | Killed a cyclops
 11812 | D:11     | Noticed a brown ugly thing
 11820 | D:11     | Killed a brown ugly thing
 12097 | D:12     | Reached skill level 7 in Evocations
 12425 | D:12     | Noticed a cyclops
 12434 | D:12     | Killed a cyclops
 12435 | D:12     | Reached XP level 12. HP: 91/91 MP: 8/24
 12809 | D:12     | Noticed Kirke
 12905 | D:12     | Noticed a boulder beetle
 12919 | D:12     | Killed a boulder beetle
 12933 | D:12     | Reached ** piety under Vehumet
 12933 | D:12     | Offered knowledge of Searing Ray by Vehumet.
 13213 | D:12     | Killed Kirke
 13328 | D:13     | Noticed a centaur warrior
 13673 | D:13     | Found a gate to the Vaults.
 13719 | D:13     | Noticed a tengu warrior
 14037 | D:11     | Found a staircase to the Lair.
 14250 | D:11     | Noticed a two-headed ogre
 14258 | D:11     | Killed a two-headed ogre
 14467 | D:11     | Found a staircase to the Orcish Mines.
 14738 | D:11     | Learned a level 2 spell: Searing Ray
 14780 | Lair:1   | Entered Level 1 of the Lair of Beasts
 15071 | Lair:1   | Noticed Amaemon
 15075 | Lair:1   | Reached skill level 8 in Evocations
 15087 | Lair:1   | Killed Amaemon
 15087 | Lair:1   | Offered knowledge of Scorch by Vehumet.
 15463 | Lair:1   | Reached XP level 13. HP: 86/98 MP: 5/26
 16189 | Lair:2   | Reached skill level 10 in Ice Magic
 16206 | Lair:2   | Found a staircase to the Snake Pit.
 16238 | Lair:2   | Reached *** piety under Vehumet
 16931 | D:9      | Killed HotCheetoh's ghost
 17188 | D:9      | Learned a level 5 spell: Yara's Violent Unravelling
 17586 | Orc:1    | Entered Level 1 of the Orcish Mines
 17646 | D:11     | Offered knowledge of Flame Wave by Vehumet.
 17899 | Orc:1    | Found Bouvyrghe's Overcharged Wands.
 18040 | Orc:1    | Reached skill level 10 in Spellcasting
 18691 | Orc:2    | Entered Level 2 of the Orcish Mines
 18699 | Orc:2    | Noticed an ettin
 18738 | Orc:1    | Killed an ettin
 18802 | Orc:1    | Reached **** piety under Vehumet
 18830 | Orc:2    | Offered knowledge of Freezing Cloud by Vehumet.
 18846 | Orc:1    | Learned a level 5 spell: Freezing Cloud
 18948 | Orc:1    | Noticed Urug
 18958 | Orc:1    | Killed Urug
 19474 | Orc:2    | Reached skill level 10 in Dodging
 19515 | Orc:2    | Found Xatebido's General Store.
 19515 | Orc:2    | Found Xoles's Weapon Shop.
 19515 | Orc:2    | Found Quje's Distillery.
 19515 | Orc:2    | Found Avvarchef's Antique Armour Emporium.
 19526 | Orc:2    | Paralysed by something for 2 turns
 20456 | Lair:1   | Reached skill level 9 in Evocations
 20523 | Lair:2   | Reached skill level 10 in Stealth
 20523 | Lair:2   | Reached skill level 10 in Invocations
 20523 | Lair:2   | Reached XP level 14. HP: 108/108 MP: 26/28
 20524 | Lair:2   | Reached XP level 15. HP: 114/114 MP: 27/29
 20525 | Lair:2   | Reached XP level 16. HP: 122/122 MP: 27/31
 20776 | Lair:2   | Reached skill level 10 in Fighting
 20776 | Lair:2   | Reached skill level 10 in Short Blades
 20776 | Lair:2   | Reached skill level 10 in Long Blades
 20776 | Lair:2   | Reached skill level 10 in Axes
 20776 | Lair:2   | Reached skill level 10 in Maces & Flails
 20776 | Lair:2   | Reached skill level 10 in Polearms
 20776 | Lair:2   | Reached skill level 10 in Staves
 20776 | Lair:2   | Reached skill level 10 in Ranged Weapons
 20776 | Lair:2   | Reached skill level 10 in Throwing
 20776 | Lair:2   | Reached skill level 10 in Armour
 20776 | Lair:2   | Reached skill level 10 in Shields
 20776 | Lair:2   | Reached skill level 10 in Unarmed Combat
 20776 | Lair:2   | Reached skill level 10 in Evocations
 21361 | Lair:3   | Reached XP level 17. HP: 128/128 MP: 22/32
 21552 | Lair:3   | Found a staircase to the Swamp.
 21696 | Lair:3   | Reached ***** piety under Vehumet
 21696 | Lair:3   | Offered knowledge of Eringya's Noxious Bog by Vehumet.
 22567 | Lair:4   | Noticed Sonja
 22685 | Lair:4   | Killed Sonja
 23379 | Lair:4   | Found a viscous altar of Jiyva.
 23379 | Lair:4   | Found a staircase to the Slime Pits.
 23519 | Lair:5   | Entered Level 5 of the Lair of Beasts
 24026 | Lair:5   | Found a dark tunnel.
 24039 | Volcano  | Entered a volcano
 25149 | Swamp:1  | Entered Level 1 of the Swamp
 25265 | Swamp:1  | Offered knowledge of Plasma Beam by Vehumet.
 25838 | Orc:2    | Reached skill level 11 in Evocations
 26907 | Orc:2    | Noticed Nessos
 26915 | Orc:2    | Killed Nessos
 26965 | Orc:2    | Bought a pair of embroidered boots for 180 gold pieces
 27077 | Orc:2    | Found a staircase to the Elven Halls.
 27226 | Orc:2    | Found Catil's Jewellery Shop.
 27234 | Orc:2    | Bought the ring of Xinlam {rPois Dex+6 Slay+5 Stlth-} for
                  | 801 gold pieces
 27303 | Elf:1    | Entered Level 1 of the Elven Halls
 27306 | Elf:1    | Noticed Nikola
 27325 | Elf:1    | Killed Nikola
 27326 | Elf:1    | Reached XP level 18. HP: 63/138 MP: 9/34
 28094 | D:13     | Got the Spellbook of the Rancid Crypt
 28101 | D:13     | Identified the staff of poison "Fucvaa Astrub" {rPois rCorr
                  | Str+4}
 28697 | D:13     | Learned a level 6 spell: Plasma Beam
 29171 | D:14     | Found a transporter.
 29173 | D:14     | Found a transporter.
 29177 | D:14     | Found a transporter.
 29182 | D:14     | Found a transporter.
 29968 | D:15     | Entered Level 15 of the Dungeon
 29971 | D:15     | Noticed Jorgrun
 29974 | D:15     | Killed Jorgrun
 30128 | D:15     | Reached skill level 10 in Conjurations
 30128 | D:15     | Reached skill level 10 in Hexes
 30128 | D:15     | Reached skill level 10 in Summonings
 30128 | D:15     | Reached skill level 10 in Necromancy
 30128 | D:15     | Reached skill level 10 in Translocations
 30128 | D:15     | Reached skill level 10 in Transmutations
 30128 | D:15     | Reached skill level 10 in Fire Magic
 30128 | D:15     | Reached skill level 10 in Air Magic
 30128 | D:15     | Reached skill level 10 in Earth Magic
 30128 | D:15     | Reached skill level 10 in Poison Magic
 30441 | D:15     | Offered knowledge of Arcjolt by Vehumet.
 30491 | D:15     | Found a shimmering altar of Xom.
 31290 | D:15     | Found a staircase to the Depths.
 31303 | Depths:1 | Entered Level 1 of the Depths
 31579 | D:15     | HP: 2/140 [fire giant/bolt of fire (39)]
 32164 | Lair:5   | Reached skill level 12 in Evocations
 33416 | Snake:1  | Entered Level 1 of the Snake Pit
 33596 | Snake:1  | Found a runed translucent door.
 33596 | Snake:1  | Noticed HotCheetoh's ghost (journeyman MiFi)
 33906 | Snake:1  | Offered knowledge of Irradiate by Vehumet.
 34180 | Snake:1  | Killed HotCheetoh's ghost
 34788 | Snake:2  | Reached XP level 19. HP: 145/146 MP: 22/36
 35310 | Snake:2  | Learned a level 5 spell: Irradiate
 36157 | Snake:2  | Found Tevutyg's Gadget Gallery.
 36743 | Snake:3  | Found Ibaet's Neck Hole.
 36905 | Snake:3  | Bought a scarf of repulsion for 180 gold pieces
 37063 | Snake:3  | Noticed Bai Suzhen
 37667 | Snake:3  | Noticed Louise
 37672 | Snake:3  | Killed Louise
 38819 | Snake:3  | Offered knowledge of Ozocubu's Refrigeration by Vehumet.
 39418 | Snake:4  | Entered Level 4 of the Snake Pit
 39455 | Snake:3  | Killed Bai Suzhen
 40989 | Snake:4  | Identified 3 scrolls of acquirement
 40989 | Snake:4  | Acquired the +0 mask of the Dragon {Will+ Slay+3 SInv}
 40989 | Snake:4  | Found the +0 mask of the Dragon {Will+ Slay+3 SInv}
 41006 | Snake:4  | Acquired 439 gold pieces
 41008 | Snake:4  | Acquired the staff of cold "Aboa" {rElec rPois rC+ Str+3}
 41581 | Snake:4  | Reached skill level 13 in Evocations
 42648 | Snake:4  | Got a serpentine rune of Zot
 43669 | Snake:4  | Reached XP level 20. HP: 151/156 MP: 13/38
 44610 | Swamp:1  | Paralysed by a fenstrider witch for 5 turns
 45770 | Swamp:2  | Paralysed by a fenstrider witch for 5 turns
 45898 | Swamp:2  | Offered knowledge of Fireball by Vehumet.
 46489 | Swamp:2  | Reached skill level 14 in Evocations
 47059 | Swamp:2  | You fall into a shaft and drop 1 floor!
 47924 | Swamp:3  | Learned a level 2 spell: Blink
 49420 | Swamp:4  | Entered Level 4 of the Swamp
 49905 | Swamp:4  | Noticed Donald
 49929 | Swamp:4  | Killed Donald
 50509 | Swamp:4  | Offered knowledge of Iron Shot by Vehumet.
 50708 | Swamp:4  | Reached skill level 15 in Invocations
 51696 | Swamp:4  | Got a decaying rune of Zot
 52214 | Vaults:1 | Entered Level 1 of the Vaults
 52340 | Vaults:1 | Found Tipeys's Book Shoppe.
 52588 | Vaults:1 | Reached XP level 21. HP: 159/164 MP: 19/39
 53066 | Vaults:1 | Reached skill level 15 in Evocations
 54011 | Vaults:1 | Found a runed translucent gate.
 54011 | Vaults:1 | Found a runed translucent gate.
 54011 | Vaults:1 | Found a runed translucent gate.
 54012 | Vaults:1 | Noticed Droegar's ghost (adept MiBe)
 54635 | Vaults:1 | Reached skill level 15 in Spellcasting
 54892 | Vaults:1 | Found the +5 glaive of the Guard {elec, spectral, AC+5}
 55181 | Vaults:1 | Killed Droegar's ghost
 55184 | Vaults:1 | Reached ****** piety under Vehumet
 55590 | Vaults:2 | Reached skill level 15 in Dodging
 56427 | Vaults:2 | Offered knowledge of Fire Storm by Vehumet.
 56427 | Vaults:2 | Offered knowledge of Shatter by Vehumet.
 56427 | Vaults:2 | Offered knowledge of Maxwell's Capacitive Coupling by
                  | Vehumet.
 56717 | Vaults:2 | Reached skill level 15 in Stealth
 56876 | Vaults:2 | Found Detrenk's Armour Shoppe.
 57377 | Vaults:2 | Reached skill level 16 in Evocations
 58379 | Vaults:2 | Found a staircase to the Crypt.
 58520 | Vaults:3 | Noticed Zenata
 58521 | Vaults:3 | Noticed Aizul
 58531 | Vaults:3 | Killed Zenata
 58532 | Vaults:3 | Killed Aizul
 59243 | Vaults:3 | Reached XP level 22. HP: 173/173 MP: 35/41
 60714 | Crypt:1  | Entered Level 1 of the Crypt
 60717 | Crypt:1  | Noticed Frederick
 60734 | Vaults:2 | Killed Frederick
 60917 | Crypt:1  | Found a magical portal.
 60925 | WizLab   | Entered Eringya's Formal Garden
 61475 | WizLab   | Reached skill level 15 in Fighting
 61475 | WizLab   | Reached skill level 15 in Short Blades
 61475 | WizLab   | Reached skill level 15 in Long Blades
 61475 | WizLab   | Reached skill level 15 in Axes
 61475 | WizLab   | Reached skill level 15 in Maces & Flails
 61475 | WizLab   | Reached skill level 15 in Polearms
 61475 | WizLab   | Reached skill level 15 in Staves
 61475 | WizLab   | Reached skill level 15 in Ranged Weapons
 61475 | WizLab   | Reached skill level 15 in Throwing
 61475 | WizLab   | Reached skill level 15 in Armour
 61475 | WizLab   | Reached skill level 15 in Shields
 61475 | WizLab   | Reached skill level 15 in Unarmed Combat
 62059 | WizLab   | Found a blossoming altar of Fedhas.
 62956 | D:15     | Reached skill level 17 in Evocations
 63471 | Depths:1 | Found a one-way gate leading to the halls of Pandemonium.
 63831 | Depths:1 | Found a one-way gate to the infinite horrors of the Abyss.
 64023 | Depths:1 | Found an iron altar of Okawaru.
 64137 | Depths:1 | Found a gateway to Hell.
 65394 | Depths:2 | Reached XP level 23. HP: 134/182 MP: 15/43
 66560 | Depths:2 | Got the Volume of Austromancy
 66609 | Depths:2 | Identified the +11 spear of Salt {flame, rElec Str+2
                  | Stlth+}
 66669 | Depths:2 | Gained mutation: You do not regenerate when monsters are
                  | visible. [mutagenic glow]
 66672 | Depths:2 | Found a one-way gateway to a ziggurat.
 66981 | Slime:1  | Entered Level 1 of the Pits of Slime
 67180 | Slime:1  | You fall into a shaft and drop 1 floor!
 67226 | Slime:2  | Reached skill level 18 in Evocations
 67813 | Slime:1  | Reached skill level 15 in Ice Magic
 70014 | Slime:3  | Learned a level 6 spell: Starburst
 70298 | Slime:5  | Entered Level 5 of the Pits of Slime
 70612 | Slime:5  | Gained mutation: You are dopey. (Int -2) [a shining eye]
 70718 | Slime:5  | Gained mutation: Armour fits poorly on your strangely
                  | shaped body. [a shining eye]
 70719 | Slime:5  | Gained mutation: Your magical capacity is low. (-10% MP) [a
                  | shining eye]
 70822 | Slime:5  | Reached XP level 24. HP: 193/193 MP: 39/39
 71249 | Slime:4  | Gained mutation: You are weak. (Str -2) [mutagenic glow]
 71687 | Slime:5  | Noticed the Royal Jelly
 71976 | Slime:5  | Found a viscous altar of Jiyva.
 71980 | Slime:5  | Found the +10 Black Knight's barding {ponderous, rPois rN+}
 72000 | Slime:5  | Killed the Royal Jelly
 72031 | Slime:5  | Lost mutation: You are weak. (Str -2) [potion of mutation]
 72031 | Slime:5  | Lost mutation: You are dopey. (Int -2) [potion of mutation]
 72031 | Slime:5  | Gained mutation: You are somewhat resistant to further
                  | mutation. [potion of mutation]
 72032 | Slime:5  | Lost mutation: You do not regenerate when monsters are
                  | visible. [potion of mutation]
 72032 | Slime:5  | Lost mutation: Your magical capacity is low. (-10% MP)
                  | [potion of mutation]
 72032 | Slime:5  | Lost mutation: Armour fits poorly on your strangely shaped
                  | body. [potion of mutation]
 72041 | Slime:5  | Identified the +1 pair of gloves of the Equator {Fly Str+3}
 72068 | Slime:5  | Identified the +1 shortbow of Destiny {freeze, rF+}
 72070 | Slime:5  | Identified the +8 sling of the Curious People {elec, Str+2}
 72079 | Slime:5  | Identified the staff of poison "Voonax" {rElec rPois rC+
                  | Str-2 SInv}
 72111 | Slime:5  | Identified the ring of the Leaf {rC+ rN+ Will+ Slay+3}
 72141 | Slime:5  | Identified the ring "Soerituy" {Fly rN+}
 72192 | Slime:5  | Got a slimy rune of Zot
 72207 | Slime:5  | Identified the +8 arbalest of the Heavens {freeze, rPois}
 72225 | Slime:5  | Got the Anthology of Unclean Reformation
 73037 | Vaults:1 | Learned a level 7 spell: Orb of Destruction
 73444 | Depths:2 | Reached skill level 19 in Evocations
 73731 | Depths:2 | Learned a level 4 spell: Cause Fear
 74471 | Depths:3 | Noticed a caustic shrike
 75219 | Depths:3 | Identified the +2 plate armour of the Mackerel {rC+}
 75479 | Depths:3 | Killed a caustic shrike
 76259 | Depths:4 | Entered Level 4 of the Depths
 77809 | Depths:4 | Identified the +1 plate armour of Elyvilon's Inspiration
                  | {+Inv rN+ Int-3}
 78362 | Depths:4 | Found a gate to the Realm of Zot.
 78630 | Zot:1    | Entered Level 1 of the Realm of Zot
 79175 | Zot:1    | Noticed a dread lich
 79181 | Zot:1    | Killed a dread lich
 79196 | Depths:4 | Gained mutation: You are vulnerable to cold. (rC-)
                  | [mutagenic glow]
 79197 | Depths:4 | Lost mutation: You are vulnerable to cold. (rC-) [potion of
                  | mutation]
 79197 | Depths:4 | Lost mutation: You are somewhat resistant to further
                  | mutation. [potion of mutation]
 79197 | Depths:4 | Gained mutation: You have extremely sharp teeth. [potion of
                  | mutation]
 79197 | Depths:4 | Gained mutation: You are partially covered in iridescent
                  | scales. (AC +2) [potion of mutation]
 79388 | Zot:1    | Noticed a dread lich
 79397 | Depths:4 | Killed a dread lich
 79398 | Depths:4 | Reached XP level 25. HP: 204/204 MP: 21/44
 79504 | Zot:1    | Noticed a dread lich
 79521 | Zot:1    | Killed a dread lich
 79530 | Zot:1    | Noticed a dread lich
 79689 | Depths:4 | Paralysed by a dread lich for 3 turns
 79693 | Depths:4 | Killed a dread lich
 79792 | Zot:1    | Noticed a dread lich
 79808 | Zot:1    | Killed a dread lich
 79809 | Zot:1    | Reached skill level 20 in Evocations
 79986 | Zot:1    | Learned a level 4 spell: Passage of Golubria
 80073 | Zot:1    | Identified the +6 morningstar "Zullyl" {elec, rPois Str+3}
 80742 | Zot:1    | Identified the +4 flail "Varogosi" {pain, rElec rF- rN++}
 81332 | Zot:2    | Lost mutation: You are partially covered in iridescent
                  | scales. (AC +2) [mutagenic glow]
 82645 | Vaults:3 | Found Fepnaq's Book Shoppe.
 86684 | Vaults:4 | Gained mutation: You occasionally shout uncontrollably at
                  | your foes. [mutagenic glow]
 89170 | Crypt:1  | Reached XP level 26. HP: 216/216 MP: 45/45
 89487 | Crypt:2  | Reached skill level 21 in Evocations
 90576 | Crypt:3  | Entered Level 3 of the Crypt
 90592 | Crypt:3  | Reached skill level 15 in Conjurations
 90592 | Crypt:3  | Reached skill level 15 in Hexes
 90592 | Crypt:3  | Reached skill level 15 in Summonings
 90592 | Crypt:3  | Reached skill level 15 in Necromancy
 90592 | Crypt:3  | Reached skill level 15 in Translocations
 90592 | Crypt:3  | Reached skill level 15 in Transmutations
 90592 | Crypt:3  | Reached skill level 15 in Fire Magic
 90592 | Crypt:3  | Reached skill level 15 in Air Magic
 90592 | Crypt:3  | Reached skill level 15 in Earth Magic
 90592 | Crypt:3  | Reached skill level 15 in Poison Magic
 90800 | Crypt:3  | Noticed Grunn
 90813 | Crypt:2  | Killed Grunn
 91410 | Crypt:3  | Noticed a royal mummy
 91416 | Crypt:3  | Killed a royal mummy
 92578 | Crypt:3  | Noticed Boris
 92701 | Crypt:3  | Noticed Margery
 92904 | Crypt:3  | Killed Margery
 93186 | Crypt:3  | Noticed Khufu
 93196 | Crypt:3  | Noticed a royal mummy
 93436 | Vaults:5 | Entered Level 5 of the Vaults
 93734 | Vaults:5 | Noticed Saint Roka
 93739 | Vaults:5 | Killed Saint Roka
 93821 | Vaults:5 | Noticed Mara
 93827 | Vaults:5 | Killed Mara
 93867 | Vaults:5 | Identified the +3 buckler "Ori Unnol" {Str+3}
 94368 | Vaults:5 | Identified the staff of conjuration "Qate" {Fly Will- rCorr
                  | SInv}
 94375 | Vaults:5 | Identified the staff of air "Rewk" {rElec Str+2 Stlth+}
 94385 | Vaults:5 | Reached skill level 22 in Evocations
 94645 | Vaults:5 | Reached XP level 27. HP: 224/226 MP: 21/45
 94915 | Vaults:5 | Identified the +6 triple crossbow "Eqyt" {heavy, *Corrode
                  | +Blink Fly Str+4 Int+4}
 94918 | Vaults:5 | Noticed an ancient lich
 95196 | Vaults:5 | Identified the staff of cold "Qergho" {rC+ Str+3}
 95873 | Vaults:5 | Killed an ancient lich
 96033 | Vaults:5 | Identified the +4 rapier of Destiny {antimagic, Will+
                  | Str+2}
 96047 | Vaults:5 | Identified the +12 shortbow of Reason {flame, Str-4 Int+4}
 96047 | Vaults:5 | Identified the ring "Unischurgh" {Int+2 Slay+4}
 96490 | Vaults:5 | Found Icheyff's Antique Weapon Emporium.
 96525 | Vaults:5 | Got the Quarto of Rubbish
 97280 | Vaults:5 | Paralysed by a sphinx for 2 turns
 97355 | Vaults:5 | Got a silver rune of Zot
 97577 | Vaults:5 | Identified the staff of conjuration "Idisy" {rCorr Int+3}
 97607 | Vaults:5 | Identified the staff of earth "Liutiekk" {Str+5 Int-2}
 97756 | Vaults:5 | Learned a level 8 spell: Lehudib's Crystal Spear
 97758 | Vaults:5 | Acquired 1018 gold pieces
 97772 | Vaults:5 | Learned a level 7 spell: Spellforged Servitor
 98422 | Crypt:3  | Killed a royal mummy
 98439 | Crypt:3  | Killed Boris
 99530 | Crypt:3  | Killed Khufu
 99911 | Crypt:3  | Found a staircase to the Tomb.
100352 | Crypt:3  | Identified the ring of Qyudeol {rN+ Slay+4}
101021 | Crypt:3  | Found an ancient bone altar of Kikubaaqudgha.
101024 | Crypt:3  | Found a basalt altar of Yredelemnul.
101052 | Crypt:3  | Identified the +5 dagger of Rakharch {antimagic, Str+3}
101280 | Tomb:1   | Entered Level 1 of the Tomb of the Ancients
101685 | Tomb:1   | Paralysed by a sphinx for 3 turns
102015 | Tomb:1   | Noticed a royal mummy
102025 | Tomb:1   | Killed a royal mummy
104003 | Zot:2    | Reached skill level 23 in Evocations
104868 | Zot:3    | Noticed an orb of fire
105214 | Orc:2    | Bought an ichor-stained robe for 136 gold pieces
105214 | Orc:2    | Identified the +3 robe "Tusiot" {Rampage} (You bought it in
                  | a shop on level 2 of the Orcish Mines)
105217 | Orc:2    | Bought a potion of heal wounds for 70 gold pieces
105217 | Orc:2    | Bought 2 potions of heal wounds for 140 gold pieces
105217 | Orc:2    | Bought a potion of heal wounds for 70 gold pieces
105217 | Orc:2    | Bought a potion of heal wounds for 70 gold pieces
105218 | Orc:2    | Bought a scroll of fear for 44 gold pieces
105218 | Orc:2    | Bought a potion of heal wounds for 55 gold pieces
106985 | Elf:2    | Paralysed by an air elemental for 1 turns
107116 | Elf:2    | Acquired 996 gold pieces
107699 | Elf:2    | Found a runed translucent gate.
107700 | Elf:2    | Found a runed translucent gate.
107700 | Elf:2    | Found a runed translucent gate.
107907 | Elf:3    | Entered Level 3 of the Elven Halls
108927 | Elf:3    | Identified the ring "Soushris" {Ice *Corrode Will++ Dex+8}
109108 | Elf:3    | Identified the +11 war axe "Ciahexoth" {drain, rF+ rC++}
109108 | Elf:3    | Identified the ring of the Saviour {+Blink rPois EV+5 Str+5
                  | Int+2}
110193 | Elf:3    | Found Dyos Idgh's Distillery.
110201 | Elf:3    | Bought a potion of haste for 170 gold pieces
110201 | Elf:3    | Bought a potion of haste for 170 gold pieces
110338 | Elf:3    | Acquired the ring of Koamnut {rC- rN+++ Will+ Int+5 Dex-2}
110512 | Elf:3    | Identified the +11 long sword of Popular Demand {heavy,
                  | rCorr Dex+4 Stlth+}
110512 | Elf:3    | Identified the +1 leather armour "Zedarege" {Contam +Inv
                  | rN++ Stlth+}
110879 | Elf:3    | Identified the staff of death "Hojopiuv" {Drain +Blink
                  | rElec rF++ rN+}
110905 | Elf:3    | Got the Codex of the Gestalt
110908 | Elf:3    | Identified the amulet "Putteuma" {Spirit Regen+}
110943 | Elf:3    | Got the Elucidation of Blasting
110944 | Elf:3    | Identified the staff of fire "Zoesirgh" {rF+ MP-9 Int+7}
113204 | Zot:3    | Reached skill level 24 in Evocations
113324 | Zot:3    | Gained mutation: You are weak. (Str -2) [an orb of fire]
113330 | Zot:2    | Killed an orb of fire
113401 | Zot:3    | Found the +4 dragonskin cloak
113401 | Zot:3    | Noticed Tiamat
114410 | Zot:3    | Killed Tiamat
116224 | Zot:4    | Found a shadowy altar of Dithmenos.
116611 | Zot:4    | Acquired the +5 pearl dragon scales of the Illusory Ghosts
                  | {rN+ Str+3}
116827 | Hell     | Entered the Vestibule of Hell
116828 | Hell     | Noticed Geryon
116959 | Depths:4 | Lost mutation: You are weak. (Str -2) [mutagenic glow]
117366 | Hell     | Killed Geryon
117546 | Hell     | Gained mutation: Your body sometimes deteriorates upon
                  | taking damage. [a cacodemon]
117973 | Hell     | Found a gateway to the ashen valley of Gehenna.
118176 | Hell     | Found a gateway to the freezing wastes of Cocytus.
118335 | Hell     | Found a gateway to the decaying netherworld of Tartarus.
118638 | Hell     | Found a gateway to the Iron City of Dis.
118795 | Zot:5    | Entered Level 5 of the Realm of Zot
119631 | Zot:5    | Paralysed by a Zot trap for 3 turns
119744 | Zot:5    | Noticed a dread lich
119745 | Zot:5    | Noticed an orb of fire
119959 | Depths:2 | Lost mutation: You have extremely sharp teeth. [potion of
                  | mutation]
119959 | Depths:2 | Lost mutation: You occasionally shout uncontrollably at
                  | your foes. [potion of mutation]
119959 | Depths:2 | Gained mutation: You are weak. (Str -2) [potion of
                  | mutation]
119960 | Depths:2 | Lost mutation: You are weak. (Str -2) [potion of mutation]
119960 | Depths:2 | Lost mutation: Your body sometimes deteriorates upon taking
                  | damage. [potion of mutation]
119960 | Depths:2 | Gained mutation: You are weak. (Str -2) [potion of
                  | mutation]
119960 | Depths:2 | Gained mutation: You sometimes lose your temper in combat.
                  | [potion of mutation]
119961 | Depths:2 | Lost mutation: You sometimes lose your temper in combat.
                  | [potion of mutation]
119961 | Depths:2 | Lost mutation: You are weak. (Str -2) [potion of mutation]
119961 | Depths:2 | Gained mutation: You have large cloven feet. [potion of
                  | mutation]
119961 | Depths:2 | Gained mutation: You are robust. (+10% HP) [potion of
                  | mutation]
119961 | Depths:2 | Gained mutation: You are weak. (Str -2) [potion of
                  | mutation]
119969 | Zig:1    | Entered Level 1 of a ziggurat
120037 | Zig:2    | Entered Level 2 of a ziggurat
120040 | Zig:2    | Noticed a dread lich
120044 | Zig:2    | Killed a dread lich
120072 | Zig:3    | Entered Level 3 of a ziggurat
120165 | Zig:3    | Reached skill level 25 in Evocations
120298 | Zig:4    | Entered Level 4 of a ziggurat
120454 | Zig:5    | Entered Level 5 of a ziggurat
120461 | Zig:5    | Noticed a juggernaut
120467 | Zig:5    | Killed a juggernaut
120586 | Zig:6    | Entered Level 6 of a ziggurat
120597 | Zig:6    | Found the +9 sword of Zonguldrok {reap}
120758 | Zig:6    | Got the Dissertation on Cooperative Nephomancy
120761 | Zig:6    | Identified the staff of death "Buecvaufo" {rN+ MP+9}
120775 | Zig:6    | Identified the +5 falchion "Wotoig" {heavy, rPois rC+
                  | rCorr}
120782 | Zig:7    | Entered Level 7 of a ziggurat
120962 | Zig:8    | Entered Level 8 of a ziggurat
121092 | Zig:8    | Identified the staff of poison "Poreacwa" {rPois Str+4}
121113 | Zig:9    | Entered Level 9 of a ziggurat
121256 | Zig:9    | Identified the +4 battleaxe of Watchfulness {pain, rF+}
121273 | Zig:10   | Entered Level 10 of a ziggurat
121603 | Zig:11   | Entered Level 11 of a ziggurat
121780 | Zig:11   | Found the +5 Lochaber axe {reach-cleave, Poleaxe Drain}
121788 | Zig:11   | Identified the +1 cloak "Bucea" {rC+ rN+ Str+5 Int-2}
121804 | Zig:11   | Identified the +8 gold dragon scales of Trumpets {*Corrode
                  | rPois rF+ rC+ Int+6}
121810 | Zig:11   | Got Onozoer's Codex of Calefaction
121811 | Zig:11   | Identified the +4 rapier of Wondrous Power {speed, Int+3
                  | Dex+2}
121901 | Zig:12   | Entered Level 12 of a ziggurat
121907 | Zig:12   | Noticed a juggernaut
121916 | Zig:12   | Killed a juggernaut
121924 | Zig:12   | Found the +8 longbow "Zephyr" {speed, Dex+3 SInv}
121930 | Zig:12   | Noticed a juggernaut
122698 | Zot:5    | Noticed an ancient lich
122702 | Zot:5    | Killed an ancient lich
122787 | Zot:5    | Killed an orb of fire
122908 | Zot:5    | Killed a dread lich
123209 | Zot:5    | Noticed a dread lich
123231 | Zot:5    | Killed a dread lich
123722 | Zot:5    | Noticed an orb of fire
123731 | Zot:5    | Gained mutation: You sometimes lose your temper in combat.
                  | [an orb of fire]
123736 | Zot:5    | Killed an orb of fire
123861 | Zot:5    | Noticed an ancient lich
123871 | Zot:5    | Killed an ancient lich
124233 | Zot:5    | Noticed an orb of fire
124237 | Zot:5    | Killed an orb of fire
124338 | Zot:5    | Noticed a dread lich
124344 | Zot:5    | Killed a dread lich
124535 | Zot:5    | Reached skill level 26 in Evocations
124535 | Zot:5    | Noticed a dread lich
124547 | Zot:5    | Killed a dread lich
124857 | Zot:5    | Lost mutation: You sometimes lose your temper in combat.
                  | [potion of mutation]
124857 | Zot:5    | Lost mutation: You are robust. (+10% HP) [potion of
                  | mutation]
124857 | Zot:5    | Lost mutation: You are weak. (Str -2) [potion of mutation]
124857 | Zot:5    | Gained mutation: Your flesh is cold resistant. (rC+)
                  | [potion of mutation]
124857 | Zot:5    | Gained mutation: You expend magic power (3 MP) to
                  | strengthen your wands. [potion of mutation]
124857 | Zot:5    | Gained mutation: You are strong-willed. (Will+) [potion of
                  | mutation]
125152 | Zot:5    | Noticed a dread lich
125158 | Zot:5    | Killed a dread lich
125572 | Zot:5    | Got the Orb of Zot
125591 | Zot:5    | Noticed an ancient lich
125648 | Zot:5    | Noticed Boris
125661 | Zot:5    | Killed Boris
126090 | D:12     | Noticed Boris
126092 | D:12     | Noticed Titteomo the pandemonium lord
126106 | D:12     | Killed Boris
126201 | D:11     | Noticed Atimm the pandemonium lord
126501 | D:2      | Noticed Natasha
126503 | D:2      | Killed Natasha
126506 | D:2      | Noticed Uqux the pandemonium lord
126566 | D:$      | Escaped with the Orb!

Illustrated notes

Levels and vault maps discovered:
D:1:      mrwooster_arrival_statue, layout_loops_ring
D:2:      layout_loops_ring, kennysheep_generic_room_10, uniq_natasha
D:3:      layout_loops_cross, mainiacjoe_overflow_24_doors
D:4:      layout_loops_ring, minmay_misc_feat_diagonals, uniq_menkaure
D:5:      layout_basic, led_sif_book, minmay_overflow_temple_star_quad,
          minmay_strange_pillars
D:6:      layout_gridville, portal_sewer_entry_a, uniq_eustachio
D:7:      layout_basic, minmay_temple_entry_statues, hangedman_decor_points,
          kennysheep_generic_room_6
D:8:      lemuel_ice_statue, layout_cave_pools, makhleb_blood_cavern_becter,
          grunt_temple_overflow_open, uniq_erica, uniq_psyche,
          uniq_prince_ribbit1
D:9:      hellmonk_ruined_rings, layout_irregular_city,
          gammafunk_ghost_stat_death, serial_shops, nicolae_shop_trees,
          uniq_maurice, uniq_pikel, uniq_erolcha
D:10:     layout_gridville, nicolae_ru_the_path_less_chosen, minmay_misc_feat_x
D:11:     kennysheep_six_static_rooms, layout_gridville, david_lair_shrubbed,
          david_orc_2, minmay_misc_feat_ornament
D:12:     layout_roguey, uniq_kirke
D:13:     minmay_complete_graph, layout_irregular_city, erik_vaults_1
D:14:     layout_irregular_city, grunt_decor_junction,
          nicolae_transporter_circle
D:15:     grunt_enter_depths_snipers, layout_rooms, minmay_misc_feat_cross,
          led_xom_imps, uniq_jorgrun
Temple:   hellmonk_temple_flake
Lair:1:   layout_cave_pods, nicolae_lair_liquid_snakes, serial_bayou_shore_a,
          uniq_amaemon
Lair:2:   layout_hall_layers, minmay_snake_entry_guardpost_small,
          serial_bayou_lake_a
Lair:3:   layout_cave_pods, minmay_swamp_entry_swarm,
          nicolae_quartered_pool_impasse
Lair:4:   layout_small_grid, dpeg_slime_entry_enclosed,
          cheibrodos_lair_caveside_slide, uniq_sonja
Lair:5:   gammafunk_lair_ancient_temple, layout_regular_city,
          nicolae_volcano_entry_batcave, dpeg_stationary_puzzle
Swamp:1:  layout_falls_marsh, evilmike_swamp_ruin_house_3, swamp_pool1,
          hangedman_swamp_cone, st_swamp_ruins_1
Swamp:2:  layout_falls_marsh, evilmike_swamp_ruin_house_5
Swamp:3:  nicolae_swamp_flooded_prison, layout_basic_swamp,
          hangedman_swamp_lotus
Swamp:4:  swamp, layout_basic_swamp, uniq_donald
Snake:1:  layout_misc_corridors, gammafunk_ghost_grave
Snake:2:  layout_layer_cave, nicolae_shop_gadgets
Snake:3:  nicolae_snakescales, layout_onion, nicolae_shop_sticking_my_neck_out,
          uniq_louise, uniq_bai_suzhen
Snake:4:  grunt_snake_rune_spirals, layout_onion, nicolae_snake_springs
Slime:1:  layout_caves, cheibrodos_slime_lost_civilization_7
Slime:2:  layout_caves, cheibrodos_slime_lost_civilization_4
Slime:3:  layout_caves, nicolae_slime_welcoming_committee
Slime:4:  layout_caves, special_room [special_room_jelly]
Slime:5
Orc:1:    cheibrodos_orc_guarddog, layout_diamond_mine, basic_altar,
          nicolae_shop_overcharged_wands, uniq_urug
Orc:2:    st_orc_ogre_mass, layout_caves, serial_shops,
          nicolae_shop_back_alley_shop, uniq_nessos
Elf:1:    layout_onion_city, hangedman_elf_disciples, uniq_nikola
Elf:2:    nicolae_elf_blades_crystal_corner, layout_geoelf_diagonals
Elf:3:    minmay_elf_hall, layout_loops_cross, serial_shops,
          nicolae_shop_industrial_runoff
Vaults:1: gammafunk_ghost_necromancy, hangedman_vaults_maws,
          nicolae_vaults_angled_halls, minmay_guarded_unrand_guard_vaults,
          nicolae_vaults_surprise_closet, nicolae_vaults_shelves_hall,
          vaults_room_ringed_pool, vaults_mumra_hex, nicolae_vaults_wine_cellar,
          v_misc_14, v_misc_27, nicolae_vaults_house_1,
          nicolae_vaults_windows_and_doors_thing, vaults_dpeg_hooks, v_misc_8,
          nicolae_vaults_asterisk, layout_vaults_maze_bifur, serial_shops,
          nicolae_lakefront_shop
Vaults:2: hangedman_vaults_impose, minmay_crypt_entry_simple_round, v_misc_30,
          nicolae_vaults_taking_the_gang_shopping, nicolae_vaults_shelves_hall,
          nicolae_vaults_border_crossing, nicolae_vaults_closet_pinwheel_4,
          vaults_room_stairs_pillars, nicolae_vaults_trapezoid_4, v_misc_9,
          layout_vaults_omnigrid
Vaults:3: vaults_room_guarded_vault, nicolae_vaults_sesquioval_fish,
          nicolae_vaults_rhombus_6, nicolae_vaults_shrinking_rooms_1,
          vaults_mumra_chevron, v_misc_5, v_misc_11, nicolae_vaults_big_ls,
          grunt_vaults_swirl, vaults_dpeg_diagonal,
          nicolae_vaults_storage_room_statues, vaults_mumra_lcd,
          layout_vaults_big_cross, serial_shops, nicolae_shop_tiny_glass,
          uniq_zenata, uniq_aizul
Vaults:4: nicolae_vaults_layer_cake_slice, vaults_room_corners, v_misc_14,
          nicolae_vaults_sealed_display, v_pattern_5, hangedman_vaults_pinch,
          nicolae_vaults_little_squares_2, hangedman_vaults_variations,
          ontoclasm_vaults_ring_square, ontoclasm_vaults_twist,
          nicolae_vaults_spaceships, nicolae_vaults_diamond_2, serial_ice_m,
          nicolae_vaults_two_Ls, layout_vaults_ring
Vaults:5: uniq_saint_roka, uniq_mara
Crypt:1:  layout_basic, mu_enter_wizlab_7, uniq_frederick
Crypt:2:  layout_catacombs
Crypt:3:  lightli_unholy_cathedral, layout_chaotic_city,
          nicolae_tomb_entry_unfolded_pyramid_diagonal, st_stairs_3, uniq_boris,
          uniq_khufu, uniq_margery, uniq_grunn
Tomb:1
Depths:1: layout_cave_pools, lightli_too_deep, abyss_entry_small_statue_room,
          pan_entry, okawaru_altar_gauntlet_db
Depths:2: minmay_the_grid_square_5x5_4x4 [minmay_the_grid_square_5x5_eight,
          minmay_the_grid_square_5x5_percent,
          minmay_the_grid_square_5x5_intrusive_squares,
          minmay_the_grid_square_5x5_bridge,
          minmay_the_grid_square_5x5_two_small,
          minmay_the_grid_square_5x5_prize_waves,
          minmay_the_grid_square_5x5_prize_snowflake,
          minmay_the_grid_square_5x5_almost_minimal,
          minmay_the_grid_square_5x5_longway,
          minmay_the_grid_square_5x5_prize_itemx,
          minmay_the_grid_square_5x5_prize_open,
          minmay_the_grid_square_5x5_hourglass, minmay_the_grid_square_5x5_mess,
          minmay_the_grid_square_5x5_checkered_statues,
          minmay_the_grid_square_5x5_corner,
          minmay_the_grid_square_5x5_shrine2], layout_gridville,
          enter_ziggurat_e, rand_demon_pan_entry_3, abyss_entry_crystal,
          roderic_nine_men_s_morris, serial_bayou, serial_bayou_ford_a,
          serial_bayou_shore_b, serial_bayou_pond_d, serial_bayou_crossing,
          hell_entry, st_stairs_12
Depths:3: minmay_mutant_horseshoe, layout_gridlike, grunt_hell_entry_dis_old,
          grunt_pan_entry_spiral, abyss_entry_glasseish, grunt_decor_fettered
Depths:4: grunt_zot_entry_alcove, layout_twisted_cross, abyss_entry,
          pf_coc_iceberg, serial_rivers, chequers_serial_rivers_micro_e,
          chequers_serial_rivers_marsh, chequers_serial_rivers_small_a,
          chequers_serial_rivers_micro_a, chequers_serial_rivers_micro_c
Hell
Zot:1:    hellmonk_paralyzer, layout_basic, st_single_dragon_hoard_4
Zot:2:    layout_gridlike
Zot:3:    layout_onion_interference, grunt_megastairs_5, uniq_tiamat
Zot:4:    kennysheep_spiral_hall, layout_misc_corridors, basic_altar
Zot:5:    layout_misc_corridors, hangedman_zot_decor_unnerving_road

Skill      XL: |  1  2  3  4  5  6  7  8  9 10 11 12 13 14 15 16 17 18 19 20 21 22 23 24 25 26 27 |
---------------+----------------------------------------------------------------------------------+-----
Spellcasting   | 5 6 7 8 9 10 11 12 13 14 15 16 17 18 21 | 21.6
Invocations    | 1 2 3 4 5 6 7 8 10 11 12 13 14 15 16 17 18 19 22 | 22.8
Fighting       | 1 2 3 5 6 7 8 9 10 11 12 13 14 15 16 18 19 20 25 | 25.3
Short Blades   | 1 2 3 5 6 7 8 9 10 11 12 13 14 15 16 17 18 21 | 21.1
Long Blades    | 1 2 3 5 6 7 8 9 10 11 12 13 14 15 16 17 18 21 | 21.1
Axes           | 1 2 3 5 6 7 8 9 10 11 12 13 14 15 16 17 18 21 | 21.9
Maces & Flails | 1 2 3 5 6 7 8 9 10 11 12 13 14 15 16 17 18 21 | 21.1
Polearms       | 1 2 3 5 6 7 8 9 10 11 12 13 14 15 16 17 18 21 | 21.1
Staves         | 1 2 3 5 6 7 8 9 10 11 12 13 14 15 16 17 18 21 | 21.1
Ranged Weapons | 1 2 3 5 6 7 8 9 10 11 12 13 14 15 16 17 18 21 | 21.1
Throwing       | 1 2 3 5 6 7 8 9 10 11 12 13 14 15 16 17 18 21 | 21.1
Armour         | 1 2 3 5 6 7 8 9 10 11 12 13 14 15 16 17 18 21 | 21.1
Shields        | 1 2 3 5 6 7 8 9 10 11 12 13 14 15 16 17 18 21 | 21.1
Unarmed Combat | 1 2 3 5 6 7 8 9 10 11 12 13 14 15 16 17 18 21 | 21.1
Evocations     | 1 2 3 5 6 7 8 9 10 11 12 13 14 16 17 18 19 20 22 26 | 26.3
Conjurations   | 1 2 3 4 5 6 7 8 9 10 11 12 13 14 15 18 | 18.1
Hexes          | 1 2 3 4 5 6 7 8 9 10 11 12 13 14 15 18 | 18.1
Summonings     | 1 2 3 4 5 6 7 8 9 10 11 12 13 14 15 18 | 18.1
Necromancy     | 1 2 3 4 5 6 7 8 9 10 11 12 13 14 15 18 | 18.1
Translocations | 1 2 3 4 5 6 7 8 9 10 11 12 13 14 15 18 | 18.1
Transmutations | 1 2 3 4 5 6 7 8 9 10 11 12 13 14 15 18 | 18.1
Fire Magic     | 1 2 3 4 5 6 7 8 9 10 11 12 13 14 15 18 | 18.1
Air Magic      | 1 2 3 4 5 6 7 8 9 10 11 12 13 14 15 18 | 18.1
Earth Magic    | 1 2 3 4 5 6 7 8 9 10 11 12 13 14 15 18 | 18.1
Poison Magic   | 1 2 3 4 5 6 7 8 9 10 11 12 13 14 15 18 | 18.1
Dodging        | 5 6 7 8 9 10 11 12 13 14 15 16 17 18 21 | 21.5
Stealth        | 5 6 7 8 9 10 11 12 13 14 15 16 17 18 21 | 21.4
Ice Magic      | 8 9 10 11 12 13 14 15 16 19 | 19.2

Action                     |  1- 3 |  4- 6 |  7- 9 | 10-12 | 13-15 | 16-18 | 19-21 | 22-24 | 25-27 || total
---------------------------+-------+-------+-------+-------+-------+-------+-------+-------+-------++-------
  Melee: Unarmed           |     4 |       |       |       |       |       |       |       |       ||     4
         Punch             |     1 |       |     4 |    12 |     6 |       |       |       |       ||    23
         Dagger            |    18 |    18 |       |       |       |       |       |       |       ||    36
         Bite              |     2 |    10 |    14 |    22 |    23 |    84 |    28 |    46 |   107 ||   336
         Short sword       |    19 |    68 |   148 |    36 |       |       |       |       |       ||   271
         War axe           |       |       |    20 |       |       |       |       |       |   254 ||   274
         Falchion          |       |       |     4 |    17 |       |       |       |       |       ||    21
         Scimitar          |       |       |       |    92 |       |       |       |       |       ||    92
         Long sword        |       |       |       |    29 |   130 |   434 |   139 |    70 |       ||   802
         Staff             |       |       |       |       |       |       |    25 |   102 |    17 ||   144
         Demon blade       |       |       |       |       |       |       |       |    36 |   211 ||   247
   Fire: Sling             |       |       |     3 |       |       |       |       |       |       ||     3
  Throw: Boomerang         |       |       |     8 |    12 |    13 |    36 |    39 |    12 |     3 ||   123
   Cast: Freeze            |    24 |     8 |    28 |    23 |     3 |       |       |     1 |       ||    87
         Frozen Ramparts   |     3 |     7 |    29 |    47 |    14 |    26 |     2 |     1 |       ||   129
         Ozocubu's Armour  |     3 |     7 |    27 |    44 |     9 |    16 |     1 |     4 |       ||   111
         Hailstorm         |       |       |    12 |    15 |     2 |    13 |       |       |       ||    42
         Ensorcelled Hiber |       |       |     6 |     3 |     5 |     1 |       |       |       ||    15
         Mephitic Cloud    |       |       |       |    15 |    14 |    73 |     1 |     3 |     9 ||   115
         Summon Ice Beast  |       |       |       |    36 |    34 |   114 |    38 |    12 |    17 ||   251
         Stone Arrow       |       |       |       |    23 |       |       |       |       |       ||    23
         Searing Ray       |       |       |       |     6 |    39 |    30 |     5 |     2 |       ||    82
         Yara's Violent Un |       |       |       |       |    15 |    10 |    33 |    15 |    77 ||   150
         Freezing Cloud    |       |       |       |       |     7 |   100 |   293 |   159 |   219 ||   778
         Plasma Beam       |       |       |       |       |       |   102 |   439 |   330 |   793 ||  1664
         Irradiate         |       |       |       |       |       |       |    45 |   165 |   200 ||   410
         Blink             |       |       |       |       |       |       |       |     7 |     8 ||    15
         Starburst         |       |       |       |       |       |       |       |    44 |    55 ||    99
         Orb of Destructio |       |       |       |       |       |       |       |    45 |   291 ||   336
         Cause Fear        |       |       |       |       |       |       |       |     1 |     6 ||     7
         Passage of Golubr |       |       |       |       |       |       |       |       |     5 ||     5
         Spellforged Servi |       |       |       |       |       |       |       |       |   139 ||   139
         Lehudib's Crystal |       |       |       |       |       |       |       |       |    41 ||    41
  Evoke: Wand              |       |       |     2 |       |     1 |     2 |     1 |     2 |     1 ||     9
         Tin of tremorston |       |       |       |       |       |     2 |     2 |     2 |     1 ||     7
         Box of beasts     |       |       |       |       |       |     1 |     1 |       |     1 ||     3
         Lightning rod     |       |       |       |       |       |       |     6 |     9 |    10 ||    25
         Phantom mirror    |       |       |       |       |       |       |       |     1 |       ||     1
         Horn of Geryon    |       |       |       |       |       |       |       |       |     1 ||     1
    Use: Scroll            |       |       |       |    19 |     3 |    11 |     9 |     8 |    19 ||    69
         Potion            |       |       |       |       |     3 |     2 |     2 |    10 |    20 ||    37
   Stab: Sleeping          |     8 |    15 |    12 |     8 |     4 |       |       |       |    10 ||    57
         Confused          |       |       |       |     2 |     2 |    34 |       |       |     1 ||    39
         Distracted        |       |       |       |     2 |     2 |     9 |     3 |     1 |    12 ||    29
 Armour: Robe              |    15 |       |       |       |       |       |       |       |       ||    15
         Skin              |     4 |     9 |       |       |       |     2 |       |       |       ||    15
         Leather armour    |       |     3 |    52 |       |       |       |       |       |       ||    55
         Ring mail         |       |       |    25 |   105 |   137 |   191 |    74 |   107 |    91 ||   730
         Swamp dragon scal |       |       |       |       |       |    11 |       |       |       ||    11
         Pearl dragon scal |       |       |       |       |       |       |       |       |   149 ||   149
  Dodge: Dodged            |    37 |    44 |   135 |   183 |   231 |   336 |   227 |   313 |   656 ||  2162
         Repelled          |       |       |       |       |       |       |    23 |    18 |    23 ||    64
  Block: Kite shield       |       |       |       |       |       |   262 |   262 |   429 |    46 ||   999
         Buckler           |       |       |       |       |       |    53 |       |       |       ||    53
         Reflection        |       |       |       |       |       |     1 |    59 |    42 |    74 ||   176
         Tower shield      |       |       |       |       |       |       |       |       |   946 ||   946
